 Dungeon Crawl Stone Soup version 0.31.0-2-g5a2aebc5c2 (webtiles) character file.

Game seed: 12894259266255581812

1818056 MackTheKnife the Slayer (level 24, 207/207 HPs)
             Began as a Black Draconian Ice Elementalist on Jan 19, 2024.
             Was a High Priest of Hepliaklqana.
             Escaped with the Orb
             ... and 3 runes on Jan 20, 2024!
             The game lasted 02:10:51 (55120 turns).

MackTheKnife the Slayer (DrIE)                     Turns: 55120, Time: 02:10:52

Health: 207/207    AC: 24    Str: 15    XL:     24   Next: 63%
Magic:  33/33      EV: 49    Int: 18    God:    Hepliaklqana [*****.]
Gold:   3212       SH: 33    Dex: 37    Spells: 8/43 levels left

rFire   + . .        F - +6 long sword "Gukuvvun" {heavy, rN+ Dex+2, long}
rCold   + . .        T - +2 tower shield of Temperance {rF+}
rNeg    + . .        (body armour unavailable)
rPois   +            L - +0 hat of the Solemn Grue {rPois Int-4 Dex+7 Stlth+}
rElec   +            z - +2 cloak of Chill Winds {*Corrode rC+ Will++ Slay+6}
rCorr   +            M - +1 pair of gloves "Ynkip" {Str+3 Stlth+}
SInv    .            o - +2 pair of boots
Will    +++++        H - amulet of Tyck {Acrobat rCorr Dex+5}
Stlth   ++           u - ring of the Hare {EV+10}
HPRegen 0.54/turn    e - ring "Yhiylodocw" {Will++ AC+4 Int+3 Dex+4, =R}
MPRegen 0.23/turn

%: corrode self (3%), acrobat
@: flying
A: reduced essence, breathe lightning, AC +12, unfitting armour, big wings,
electricity resistance, cold-blooded, large bone plates 1, low MP 1
0: Orb of Zot
}: 3/15 runes: decaying, serpentine, silver
a: Breathe Lightning, Renounce Religion, Recall Ancestor, Ancestor Identity,
Transference, Idealise


You escaped.
You worshipped Hepliaklqana.
Hepliaklqana was extremely pleased with you.
You visited 10 branches of the dungeon, and saw 48 of its levels.

You collected 6704 gold pieces.
You spent 3492 gold pieces at shops.


Innate Abilities, Weirdness & Mutations

Your life essence is reduced to manifest your ancestor. (-10% HP)
You can breathe wild blasts of lightning.
Your glossy black scales are hard. (AC +12)
You cannot fit into any form of body armour.
Your large and strong wings let you fly.
You are resistant to electric shocks. (rElec)
You are cold-blooded and may be slowed by cold attacks.
You are partially covered in large bone plates. (SH +4)
Your magical capacity is low. (-10% MP)


   Skills:
 - Level 22.0 Fighting
 - Level 4.0(9.8) Short Blades
 - Level 13.7(14.0) Long Blades
 - Level 20.0 Dodging
 - Level 2.0 Stealth
 + Level 19.6 Shields
 - Level 10.0 Spellcasting
 - Level 10.0 Conjurations
 - Level 14.0 Necromancy
 - Level 10.1 Ice Magic
 - Level 14.0 Air Magic
 - Level 5.0 Earth Magic
 - Level 3.0 Alchemy
 - Level 10.0 Invocations
 + Level 9.2 Evocations


You had 8 spell levels left.
You knew the following spells:

 Your Spells              Type           Power      Damage    Failure   Level
a - Freezing Cloud        Conj/Ice/Air   24%        6-21      4%          5
b - Borgnjor's Vile Clut  Necr/Erth      21%        N/A       10%         5
c - Mephitic Cloud        Conj/Alch/Air  41%        N/A       1%          3
d - Arcjolt               Conj/Air       25%        1d35      3%          5
e - Vhi's Electric Charg  Tloc/Air       68%        N/A       10%         4
f - Fugue of the Fallen   Necr           56%        N/A       1%          3
i - Death Channel         Necr           28%        N/A       9%          6
A - Animate Dead          Necr           56%        N/A       1%          4

Your spell library contained the following spells:

 Spells                   Type           Power      Damage    Failure   Level
 Freeze                   Ice            100%       1d10      1%          1
 Kiss of Death            Conj/Necr      100%       2d13      1%          1
 Necrotise                Necr           100%       1d9       1%          1
 Sting                    Conj/Alch      100%       1d9       1%          1
 Cigotuvi's Dreadful Rot  Necr/Alch/Air  92%        N/A       1%          2
 Mercury Vapours          Alch/Air       78%        N/A       1%          2
 Frozen Ramparts          Ice            90%        1d14      1%          3
 Hailstorm                Conj/Ice       45%        3d10      1%          3
 Ozocubu's Armour         Ice            45%        N/A       1%          3
 Swiftness                Air            56%        N/A       1%          3
 Vampiric Draining        Necr           56%        2d10      1%          3
 Airstrike                Air            28%        2d(4-20)  1%          4
 Dispel Undead            Necr           56%        3d20      1%          4
 Curse of Agony           Necr           56%        N/A       1%          5
 Foxfire                  Conj/Fire      100%       2x1d9     2%          1
 Sandblast                Erth           54%        2d13      2%          1
 Stone Arrow              Conj/Erth      72%        3d11      2%          3
 Ensorcelled Hibernation  Hex/Ice        54%        N/A       3%          2
 Summon Ice Beast         Ice/Summ       27%        N/A       7%          3
 Iskenderun's Battlesphe  Conj           45%        2d10      8%          5
 Anguish                  Hex/Necr       17%        N/A       10%         4
 Martyr's Knell           Necr/Summ      34%        N/A       10%         4
 Apportation              Tloc           18%        N/A       17%         1
 Summon Small Mammal      Summ           36%        N/A       17%         1
 Flame Wave               Conj/Fire      27%        2d9       22%         4
 Iskenderun's Mystic Bla  Conj/Tloc      27%        2d7       22%         4
 Jinxbite                 Hex            18%        N/A       26%         2
 Scorch                   Fire           18%        2d5       26%         2
 Leda's Liquefaction      Alch/Erth      11%        N/A       32%         4
 Call Canine Familiar     Summ           9%         N/A       45%         3
 Confusing Touch          Hex            9%         N/A       45%         3
 Gell's Gravitas          Tloc           9%         N/A       45%         3
 Sigil of Binding         Hex            9%         N/A       45%         3
 Teleport Other           Tloc           9%         N/A       45%         3
 Olgreb's Toxic Radiance  Alch           19%        N/A       45%         4
 Fireball                 Conj/Fire      13%        3d7       52%         5
 Lee's Rapid Deconstruct  Erth           13%        3d9*      52%         5
 Ignite Poison            Fire/Alch      14%        N/A       67%         4
 Sticky Flame             Fire/Alch      14%        2d5       67%         4
 Bombard                  Conj/Erth      18%        9d4       77%         6
 Alistair's Intoxication  Alch           12%        N/A       80%         5
 Plasma Beam              Fire/Air       17%        2x1d28    83%         6
 Cause Fear               Hex            4%         N/A       86%         4
 Dimensional Bullseye     Hex/Tloc       4%         N/A       86%         4
 Manifold Assault         Tloc           9%         N/A       86%         4
 Summon Blazeheart Golem  Fire/Summ      9%         N/A       86%         4
 Ozocubu's Refrigeration  Ice            22%        4d12      93%         7
 Infestation              Necr           28%        N/A       98%         8
 Maxwell's Capacitive Co  Air            28%        โˆž       98%         8
 Summon Forest            Summ/Tloc      4%         N/A       99%         5
 Dispersal                Tloc           4%         N/A       100%        6
 Eringya's Noxious Bog    Alch           9%         4d6       100%        6
 Summon Cactus Giant      Summ           4%         N/A       100%        6
 Enfeeble                 Hex            4%         N/A       100%        7
 Haunt                    Necr/Summ      17%        N/A       100%        7
 Spellforged Servitor     Conj/Summ      13%        N/A       100%        7
 Discord                  Hex            4%         N/A       100%        8
 Disjunction              Tloc           4%         N/A       100%        8
 Ignition                 Fire           4%         3d4       100%        8
 Chain Lightning          Conj/Air       25%        3d34      100%        9
 Fire Storm               Conj/Fire      13%        8d4       100%        9
 Shatter                  Erth           13%        3d14*     100%        9

Inventory:

Hand Weapons
 F - the +6 long sword "Gukuvvun" (weapon) {heavy, rN+ Dex+2, long}
   (You found it on level 1 of the Lair of Beasts)

   Dex+2:     It affects your dexterity (+2).
   rN+:       It protects you from negative energy.
Armour
 o - a +2 pair of boots (worn)
   (You found it on level 5 of the Dungeon)
 z - the +2 cloak of Chill Winds (worn) {*Corrode rC+ Will++ Slay+6}
   (You acquired it on level 5 of the Vaults)

   Slay+6:    It affects your accuracy & damage with ranged weapons and melee
   (+6).
   rC+:       It protects you from cold.
   Will++:    It greatly increases your willpower.
   *Corrode:  It may corrode you when you take damage.
 L - the +0 hat of the Solemn Grue (worn) {rPois Int-4 Dex+7 Stlth+}
   (You acquired it on level 1 of the Swamp)

   Int-4:     It affects your intelligence (-4).
   Dex+7:     It affects your dexterity (+7).
   rPois:     It protects you from poison Stlth+: It makes you more stealthy.
 M - the +1 pair of gloves "Ynkip" (worn) {Str+3 Stlth+}
   (You found it on level 12 of the Dungeon)

   Str+3:     It affects your strength (+3).
   Stlth+:    It makes you more stealthy.
 T - the +2 tower shield of Temperance (worn) {rF+}
   (You took it off Louise on level 3 of the Snake Pit)

   rF+:       It protects you from fire.
Jewellery
 c - a ring of see invisible
   (You found it on level 1 of the Dungeon)
 e - the ring "Yhiylodocw" (right hand) {Will++ AC+4 Int+3 Dex+4, =R}
   (You bought it in a shop on level 4 of the Vaults)

   [ring of protection]

   AC+4:      It affects your AC (+4).
   Int+3:     It affects your intelligence (+3).
   Dex+4:     It affects your dexterity (+4).
   Will++:    It greatly increases your willpower.
 f - the dreamshard necklace {Acrobat *Dream}
   (You took it off a deep elf annihilator on level 3 of the Elven Halls)

   [amulet of the acrobat]

   *Dream:    It absorbs a single lethal wound into itself, holding its wearer
   just short of death and releasing dream-creatures to guard them.
   Acrobat:   It increases your evasion while moving and waiting.
 u - the ring of the Hare (left hand) {EV+10}
   (You took it off a deep elf demonologist on level 3 of the Elven Halls)

   [ring of evasion]

   EV+10:     It affects your evasion (+10).
 H - the amulet of Tyck (around neck) {Acrobat rCorr Dex+5}
   (You took it off a vault sentinel on level 5 of the Vaults)

   [amulet of the acrobat]

   Acrobat:   It increases your evasion while moving and waiting.
   Dex+5:     It affects your dexterity (+5).
   rCorr:     It protects you from acid and corrosion.
 J - a ring of protection from fire
   (You found it on level 1 of the Lair of Beasts)
Wands
 g - a wand of flame (115)
   (You found it on level 6 of the Dungeon)
 p - a wand of paralysis (50)
   (You took it off Pikel on level 7 of the Dungeon)
 v - a wand of roots (30)
   (You found it on level 1 of the Depths)
 N - a wand of polymorph (51)
   (You took it off an orc knight on level 12 of the Dungeon)
 S - a wand of mindburst (24)
   (You found it on level 2 of the Snake Pit)
 U - a wand of quicksilver (32)
   (You found it on level 4 of the Snake Pit)
 W - a wand of digging (11)
   (You found it on level 3 of the Swamp)
Scrolls
 i - 7 scrolls of vulnerability {!r!r}
 j - 9 scrolls of poison {!r}
 n - 12 scrolls of teleportation {@r4}
 q - 2 scrolls of immolation {!r!r}
 t - 3 scrolls of amnesia
 w - 2 scrolls of fear
 D - 28 scrolls of identify {@r1}
 G - a scroll of fog
 I - 10 scrolls of enchant weapon
 V - 2 scrolls of brand weapon
Potions
 a - a potion of magic
 d - 11 potions of heal wounds {@q2}
 r - 4 potions of cancellation
 s - 8 potions of might
 x - 14 potions of curing {@q1}
 A - 6 potions of mutation {!q}
 C - 3 potions of enlightenment
 E - 8 potions of brilliance
 K - 5 potions of haste {@q3}
 O - 3 potions of invisibility
 R - 2 potions of ambrosia
Miscellaneous
 h - a phial of floods
   (You found it on level 5 of the Vaults)
 l - a phantom mirror (inert)
   (You found it on level 5 of the Vaults)
 B - a box of beasts
   (You found it on level 5 of the Vaults)
 Q - a tin of tremorstones (2/2) {throwing}
   (You found it on level 14 of the Dungeon)
 Y - a lightning rod (4/4)
   (You found it on level 5 of the Vaults)

Dungeon Overview and Level Annotations

Branches:
Dungeon (15/15)            Temple (1/1) D:7            Lair (5/5) D:10
  Swamp (4/4) Lair:2        Snake (4/4) Lair:2        Slime (0/5) Lair:4
    Orc (2/2) D:12            Elf (3/3) Orc:2        Vaults (5/5) D:14
  Crypt (0/3) Vaults:2     Depths (4/4) D:15            Zot (5/5) Depths:4

Altars:
Ashenzari
Cheibriados
Dithmenos
Elyvilon
Fedhas
Gozag
Hepliaklqana
Kikubaaqudgha
Makhleb
Nemelex Xobeh
Okawaru
Qazlal
Ru
Sif Muna
Trog
Uskayaw
Vehumet
Wu Jian
Xom
Yredelemnul
Zin
The Shining One
Jiyva

Shops:
D:1 :   D:6 **   Orc:2 =[??   Snake:1 [[   Snake:4 ?   Vaults:3 [[[
Vaults:4 [[[!*=

Portals:
Hell: Depths:1 Depths:2 Depths:3 Depths:4
Abyss: Depths:3
Pandemonium: Orc:2 Depths:1 Depths:2
Ziggurat: Depths:2
Trove: D:13 (give 12 potions of heal wounds)

Annotations:
D:3 1 runed translucent door, Crazy Yiuf
D:7 exclusion: troll
D:8 1 runed translucent door, exclusions: two-headed ogre and upstairs, Valeaz's ghost, novice GnAE
D:11 4 transporters
Swamp:1 1 runed translucent door, Jacimip's ghost, journeyman HaHu
Swamp:2 3 runed translucent doors, Vudadgh's ghost, adept HuWr
Swamp:3 2 transporters, suomimenusko's ghost, adept NaFi
Swamp:4 Mara
Orc:2 1 exclusion, Erolcha
Elf:2 exclusions: dancing weapon and 1 more exclusion
Elf:3 2 transporters, exclusion: downstairs, Deughiar's ghost, adept GnSh
Zot:5 3 runed translucent doors, p0werm0de's ghost, adept MiFi

..#...#...##.PP......##...#...#ยง.
..'...'...####.....####...'...'..
###...#...##.###'###.##...#...###
.###..#...'...'...'...'...#..###.
...####...#...#.>.#...#^..####...
......#########...######'##......
##...........###.###...........##
#####.....................#####.
######.....@.....#######.##.
######.######....##.... #..#
#....####.##. #..# ###..####.##.
#..## #.......##. #...#
###.####.##. #...# #.....##.##.
#...# #.....##.... #######.#
#.....#####.


There were no monsters in sight!


Message History

You swap places.
Koafo comes into view.
Koafo skitters, "I will feast on thy heart!"
There is a stone staircase leading down here.
Unknown command.
You feel yourself speed up.
Busisiwe points at the small abomination and mumbles some strange words.
The crystal spear hits the small abomination!!!
The small abomination is destroyed!
You swap places.
Busisiwe is no longer moving quickly.
Casting: Death Channel (dangerous; 9% risk of failure)
Confirm with . or Enter, or press ? or * to list all spells.
Aiming: Borgnjor's Vile Clutch (mildly dangerous; 10% risk of failure)
Press: ? - help, Shift-Dir - straight line, f - Koafo
Aim: Koafo (ally target, 100% to hit)
Busisiwe avoids your attack.
Zombie hands grab Koafo.
The zombie hands constrict Koafo.
Koafo bites Busisiwe! ๐Ÿ˜Ž MP[-5]
You lost 5 mp, and now have 28/33 mp.
Unknown command.
The zombie hands constrict Koafo.
Busisiwe mumbles some strange words.
Busisiwe seems to speed up.
The zombie hands constrict Koafo.
Busisiwe hits Koafo with a +0 lajatang of freezing!!!
Koafo gestures at you.
The poison arrow hits Busisiwe!
Busisiwe partially resists.
Hepliaklqana grants Busisiwe healing and protection!
Busisiwe is fully restored!
The zombie hands constrict Koafo.
Busisiwe hits Koafo with a +0 lajatang of freezing!!!
Koafo bites Busisiwe. ๐Ÿ˜Ž MP[-4]
You lost 4 mp, and now have 24/33 mp.
The zombie hands lose their grip on something. ๐Ÿ˜Ž MP[+1]
There is a stone staircase leading down here.
Your extra speed is starting to run out.
There is a stone staircase leading up here. ๐Ÿ˜Ž MP[+5]
You regained 5 mp, and now have 30/33 mp.
You fly upwards.
There is a stone staircase leading down here.
What level of the Dungeon? (default 6, ? - help)
You feel yourself slow down.
A Winog and a hellwing come into view. ๐Ÿ˜Ž MP[+3]
Your mp is fully restored (33).
Unknown command.
The hellwing gives a chilling moan.
Unknown command.
Winog gestures at you. The howling sorrow hits you. You partially resist.
You block the hellwing's attack. x2
There is a stone staircase leading up here.
Unknown command.
You are engulfed in excruciating misery.
You block the hellwing's attack. x2
You fly upwards.
There is a stone staircase leading down here. ๐Ÿ˜• HP[-9]
You take 9 damage, and now have 198/207 hp.
Unknown command.
What level of the Dungeon? (default 1, ? - help)
Okay, then.
You slice the hellwing!! You block the hellwing's attack.
The hellwing misses you. ๐Ÿ˜• HP[+1]
You closely miss the hellwing.
You block the hellwing's attack. x2 ๐Ÿ˜• HP[+1]
You open the hellwing like a pillowcase!!!
You kill the hellwing!
You see here a +0 whip {mace}.
Things that are here:
a +0 spear {polearm}; a +0 spear {polearm} You see here a +0 club {mace}.
There is a stone staircase leading up here.
You fly upwards.
Level annotation: 1 runed translucent door, Crazy Yiuf
There is a stone staircase leading down here.
There is a stone staircase leading up here.
You fly upwards.
There is a stone staircase leading down here.
You see here a hobgoblin skeleton.
There is a stone staircase leading up here.
You fly upwards.
There is a stone staircase leading down here. ๐Ÿ˜Ž HP[+7]
Your hp is fully restored (207).
Unknown command.
Aiming: Dig
Press: ? - help, Shift-Dir - straight line A rock wall.
This square is covered in magical glow.
The rock shatters into small pieces.
There is a staircase leading out of the dungeon here.
You have escaped!

Skill      XL: |  1  2  3  4  5  6  7  8  9 10 11 12 13 14 15 16 17 18 19 20 21 22 23 24 |
---------------+-------------------------------------------------------------------------+-----
Stealth        | 2 |  2.0
Fighting       | 1 2 5 7 8 10 12 14 16 19 20 22 | 22.0
Ice Magic      | 5 6 7 9 10 | 10.1
Shields        | 2 5 12 14 15 18 19 | 19.6
Short Blades   | 4 |  4.0
Dodging        | 3 4 6 8 10 14 17 20 | 20.0
Spellcasting   | 4 6 7 8 10 | 10.0
Evocations     | 4 9 |  9.2
Conjurations   | 4 6 8 9 10 | 10.0
Air Magic      | 5 8 10 11 12 14 | 14.0
Alchemy        | 2 3 |  3.0
Invocations    | 8 10 | 10.0
Long Blades    | 6 9 13 | 13.7
Necromancy     | 12 14 | 14.0
Earth Magic    | 5 |  5.0

Action                     |  1- 3 |  4- 6 |  7- 9 | 10-12 | 13-15 | 16-18 | 19-21 | 22-24 || total
---------------------------+-------+-------+-------+-------+-------+-------+-------+-------++-------
  Melee: Club              |     7 |       |       |       |       |       |       |       ||     7
         Unarmed           |     2 |       |       |       |       |       |       |       ||     2
         Tailslap          |     2 |     9 |    17 |    32 |    42 |    60 |   128 |   184 ||   474
         Long sword        |     6 |       |       |       |   165 |   328 |   457 |   700 ||  1656
         Falchion          |     6 |       |       |       |       |       |       |       ||     6
         Flail             |       |    68 |       |       |       |       |       |       ||    68
         Rapier            |       |    13 |   155 |   153 |    67 |       |       |       ||   388
         Punch             |       |     1 |       |       |       |       |       |       ||     1
  Throw: Dart              |       |    14 |     6 |       |     6 |       |       |       ||    26
         Throwing net      |       |       |     1 |       |       |       |       |       ||     1
   Cast: Freeze            |    56 |    13 |       |       |       |       |       |       ||    69
         Frozen Ramparts   |     1 |    13 |    21 |    34 |    12 |       |       |       ||    81
         Mephitic Cloud    |       |       |       |    24 |     2 |       |       |       ||    26
         Freezing Cloud    |       |       |       |    20 |   169 |   149 |   118 |    25 ||   481
         Arcjolt           |       |       |       |       |    46 |    78 |    46 |    21 ||   191
         Death Channel     |       |       |       |       |       |       |    17 |    10 ||    27
         Animate Dead      |       |       |       |       |       |       |    12 |     9 ||    21
         Fugue of the Fall |       |       |       |       |       |       |     2 |     3 ||     5
         Borgnjor's Vile C |       |       |       |       |       |       |       |     7 ||     7
 Invoke: Recall Ancestor   |       |       |     1 |     9 |     4 |     4 |     2 |     4 ||    24
         Ancestor Life: Ba |       |       |       |     1 |       |       |       |       ||     1
         Idealise          |       |       |       |       |     5 |    13 |    12 |     9 ||    39
Ability: Breathe Lightning |       |       |    11 |       |     4 |     2 |     1 |     1 ||    19
  Evoke: Wand              |       |       |     2 |     9 |     6 |    15 |     5 |    13 ||    50
         Tin of tremorston |       |       |       |       |       |     5 |     3 |     3 ||    11
         Phantom mirror    |       |       |       |       |       |       |       |     1 ||     1
    Use: Scroll            |       |       |    15 |     9 |    10 |    21 |     5 |    17 ||    77
         Potion            |       |       |       |       |     2 |     8 |     4 |    14 ||    28
   Stab: Sleeping          |       |     4 |     1 |     1 |     2 |     9 |     7 |     5 ||    29
         Paralysed         |       |       |     2 |       |       |       |     1 |       ||     3
         Confused          |       |       |       |    10 |     1 |       |       |       ||    11
         Distracted        |       |       |       |     4 |     8 |     6 |    18 |    31 ||    67
 Armour: Skin              |    27 |    54 |   107 |    74 |   183 |   295 |   185 |   152 ||  1077
  Dodge: Dodged            |    28 |    63 |    90 |    62 |   279 |   308 |   464 |   538 ||  1832
  Block: Buckler           |       |       |    31 |    49 |   150 |    97 |       |       ||   327
         Kite shield       |       |       |       |       |       |   199 |   656 |   806 ||  1661
         Reflection        |       |       |       |       |       |       |    12 |    14 ||    26
         Tower shield      |       |       |       |       |       |       |       |   228 ||   228

Levels and vault maps discovered:
D:1:      dpeg_arrival_water_fire, layout_loops_cross,
          shapermc_ecumenical_altar_totnotflames, serial_shops,
          nicolae_shop_waterfront, nicolae_titane
D:2:      layout_basic
D:3:      layout_rooms, hex_tiny, minmay_misc_feat_hallway, minmay_statues_item,
          uniq_crazy_yiuf_cottage
D:4:      layout_rooms
D:5:      layout_cave_pods
D:6:      layout_loops_ring, minitemple, nicolae_specific_store,
          kennysheep_doodads, minmay_fractal_squares_5, uniq_jeremiah
D:7:      layout_gridville, minmay_temple_entry_purple_smoke, uniq_pikel,
          uniq_menkaure, uniq_maggie
D:8:      layout_rooms, ebering_ghost_inner_flame
D:9:      layout_basic, minivault_24, uniq_psyche
D:10:     layout_irregular_city, due_lair_maze_entry_diamond, uniq_amaemon
D:11:     layout_basic, nicolae_diode_quadrants
D:12:     minmay_octo_star, layout_basic, minmay_orc_entry_temple_small
D:13:     layout_loops_cross, serial_ice, serial_ice_g, serial_ice_m,
          serial_ice_i, serial_ice_e, enter_trove_6, drop_trap,
          hangedman_tell_no_tales
D:14:     layout_irregular_city, ximxim_vaults_locker_room,
          nicolae_uskayaw_murder_on_the_dancefloor, serial_demonic,
          serial_demonic_g, serial_demonic_d, serial_demonic_f,
          serial_demonic_b, uniq_azrael
D:15:     grunt_enter_depths_snipers, layout_loops_ring, grunt_decor_cap,
          uniq_agnes
Temple:   hellmonk_temple_of_storms
Lair:1:   wad_woods_04, layout_long_grid, gammafunk_ghost_hydra_chop
Lair:2:   layout_long_grid, skrybe_swamp_entry_bodies,
          minmay_snake_entry_six_corridors, basic_altar, uniq_gastronok
Lair:3:   layout_chaotic_city
Lair:4:   layout_loops_ring, nicolae_slime_entry_field_trip
Lair:5:   guppyfry_lair_end_dragon, layout_cave_pods, serial_bayou_shore_a,
          uniq_sonja
Swamp:1:  layout_basic_swamp, gammafunk_ghost_grave, hangedman_swamp_pad,
          infiniplex_staircase_pool_2
Swamp:2:  layout_basic_swamp, gammafunk_ghost_necromancy,
          hangedman_swamp_ruin_hall, infiniplex_staircase_pool
Swamp:3:  layout_basic_swamp, gammafunk_ghost_arena,
          evilmike_swamp_ruin_house_2, swamp_pool_5
Swamp:4:  nzn_swamp_witches_coven, layout_basic_swamp, swamp_pool_4, uniq_mara
Snake:1:  layout_cave_pods, grunt_ministairs_6, minmay_shop_star
Snake:2:  layout_grid_maze
Snake:3:  layout_grid_shapes, drop_trap, nicolae_snake_gridmaze_squiggle,
          uniq_louise
Snake:4:  grunt_snake_rune_pools, layout_cave_town, serial_shops,
          nicolae_shop_advertising_works [nicolae_subvault_shop_adworks],
          uniq_vashnia
Orc:1:    layout_caves, bh_open_orc_temple
Orc:2:    pf_orc_diabolical, layout_caves, basic_altar, uniq_erolcha
Elf:1:    eino_elf_arrival_customs, layout_rooms, basic_altar, minivault_28,
          grunt_ministairs_4
Elf:2:    elven_hall_of_blades_hangedman_original
          [nicolae_blade_entry_splitting_headache], layout_geoelf_octagon
Elf:3:    grunt_elf_hall_asides, layout_geoelf_octagon,
          gammafunk_ghost_wrathful_warriors, uniq_aizul
Vaults:1: v_alt_pattern_1, st_lines, nicolae_vaults_layer_cake_slice,
          vaults_mumra_chevron, v_rooms_6, hangedman_vaults_corner,
          hangedman_vaults_capsules, vaults_dpeg_encased_lava,
          nicolae_vaults_little_squares_3, nicolae_vaults_three_branches,
          nicolae_vaults_trapezoid_4, grunt_vaults_swirl, grunt_vaults_twisty,
          nicolae_vaults_lightning_bolt, layout_vaults_maze_snakey
Vaults:2: nicolae_vaults_little_ls, nicolae_vaults_tetromino_T_1,
          hangedman_vaults_corner_blocks, vaults_mumra_lcd, minmay_orc_keep,
          vaults_room_hallway, minmay_crypt_entry_simple_statues,
          nicolae_vaults_wine_cellar, v_rooms_5,
          nicolae_vaults_mini_display_case, nicolae_vaults_network_square,
          nicolae_vaults_trapezoid_lopsided_1, nicolae_vaults_heist,
          vaults_dpeg_ring, layout_vaults_quadrants
Vaults:3: v_misc_24, vaults_mumra_minichess, ontoclasm_vaults_bender,
          nicolae_vaults_specimen_jars, nicolae_vaults_surprise_closet,
          nicolae_vaults_swerve, hangedman_vaults_hard_town_square,
          ontoclasm_vaults_ring_large, nicolae_vaults_angled_halls,
          vaults_mumra_hex, v_misc_13, layout_vaults_omnicross
Vaults:4: st_quartered_hall, vaults_room_mumra_shop_pool,
          nicolae_vaults_diamond_1, vaults_room_pools, vaults_room_door_ring,
          nicolae_vaults_tetromino_L_1, v_misc_11,
          nicolae_vaults_closet_pinwheel_5, vaults_room_grid,
          ontoclasm_vaults_pinch, hangedman_vaults_pinch,
          nicolae_vaults_network_s, nicolae_vaults_sesquioval_fish,
          nicolae_vaults_puzzle_piece, nicolae_vaults_diamond_1,
          nicolae_vaults_tangram_1, layout_vaults_omnibox, serial_shops,
          nicolae_shop_pleasant_corner_grove, shop, shop,
          nicolae_lakefront_shop, nicolae_shop_window_shopping
Vaults:5
Depths:1: layout_big_octagon, serial_library_hellmonk_open_square,
          hangedman_coc_ice_floe, rand_demon_pan_entry_3,
          cheibrodos_ashenzari_chains
Depths:2: box_level_dp, pan_entry, hell_entry
Depths:3: minmay_the_grid_3x3 [minmay_the_grid_dragon_a, minmay_the_grid_paths,
          minmay_the_grid_aliased_spiral, minmay_the_grid_slots,
          minmay_the_grid_embedded, minmay_the_grid_eight,
          minmay_the_grid_doors, minmay_the_grid_airy,
          minmay_the_grid_prize_trominoes], layout_basic, abyss_entry,
          pf_hell_entry_tar_river, minmay_misc_feat_more_columns
Depths:4: grunt_twist_and_shout, layout_gridlike, hell_entry, elyvilon_altar_1
Zot:1:    nicolae_moth_party, layout_basic, ebering_ghost_gozag,
          regret_index_zotdec_twisting_globes
Zot:2:    layout_onion_interference, uniq_vv
Zot:3:    layout_twisted_circle, st_stairs_13
Zot:4:    hangedman_orp_of_zott, layout_basic, regret_index_zotdec_zees
Zot:5:    layout_gridlike, gammafunk_ghost_split

Notes
Turn   | Place    | Note
-------+----------+-------------------------------------------
     0 | D:1      | MackTheKnife the Draconian Ice Elementalist began the quest
                  | for the Orb.
     0 | D:1      | Reached XP level 1. HP: 14/14 MP: 3/3
     0 | D:1      | magus.rc [v1.9.6]
   260 | D:1      | Reached skill level 2 in Stealth
   311 | D:1      | Reached skill level 1 in Fighting
   346 | D:1      | Found Itovekkio's Book Boutique.
   430 | D:1      | Reached XP level 2. HP: 23/23 MP: 3/5
   617 | D:1      | Reached skill level 2 in Fighting
   802 | D:1      | Found a faded altar of an unknown god.
  1141 | D:1      | Reached XP level 3. HP: 29/29 MP: 4/6
  1145 | D:1      | Learned a level 3 spell: Frozen Ramparts
  3115 | D:3      | Reached skill level 5 in Ice Magic
  3122 | D:3      | Reached XP level 4. HP: 36/36 MP: 3/7
  3674 | D:3      | Reached XP level 5. HP: 36/41 MP: 4/8
  3788 | D:3      | Found a runed translucent door.
  3789 | D:3      | Noticed Crazy Yiuf
  3828 | D:3      | Reached skill level 6 in Ice Magic
  4428 | D:4      | Reached XP level 6. HP: 46/48 MP: 5/9
  4430 | D:4      | Reached skill level 7 in Ice Magic
  4513 | D:4      | Reached skill level 3 in Fighting
  4843 | D:5      | Entered Level 5 of the Dungeon
  4907 | D:5      | Noticed an ice beast
  5108 | D:5      | Reached skill level 4 in Fighting
  5281 | D:5      | Noticed an ice beast
  5628 | D:5      | Reached skill level 5 in Fighting
  5628 | D:5      | Your scales start taking on a glossy black colour.
  5628 | D:5      | Reached XP level 7. HP: 61/61 MP: 10/10
  5628 | D:5      | Gained mutation: You are resistant to electric shocks.
                  | (rElec) [Black Draconian growth]
  5835 | D:5      | Reached skill level 6 in Fighting
  6075 | D:6      | Reached skill level 7 in Fighting
  6118 | D:6      | Reached skill level 1 in Shields
  6234 | D:6      | Reached skill level 2 in Shields
  6234 | D:6      | Reached XP level 8. HP: 62/73 MP: 11/11
  6247 | D:6      | Noticed Jeremiah
  6274 | D:6      | Found a hide-covered altar of Uskayaw.
  6277 | D:6      | Found a sacrificial altar of Ru.
  6281 | D:6      | Found a shimmering altar of Xom.
  6628 | D:6      | You pick up a book of Vapours and begin reading...
  6628 | D:6      | You add the spells Mercury Vapours, Mephitic Cloud and
                  | Freezing Cloud to your library.
  6696 | D:6      | Found Joadaudd's Specific Store.
  6698 | D:6      | Found Iguzuimite's General Store.
  6711 | D:6      | Bought a scroll of enchant weapon for 90 gold pieces
  6711 | D:6      | Bought a scroll of enchant armour for 90 gold pieces
  6815 | D:6      | Killed Jeremiah
  6816 | D:6      | Reached skill level 8 in Fighting
  6816 | D:6      | Reached skill level 3 in Shields
  6816 | D:6      | Reached skill level 4 in Shields
  7070 | D:6      | Reached skill level 5 in Shields
  7171 | D:7      | Reached skill level 1 in Short Blades
  7312 | D:7      | Noticed Pikel
  7328 | D:7      | Killed Pikel
  7329 | D:7      | Reached skill level 4 in Short Blades
  7329 | D:7      | Reached skill level 3 in Dodging
  7329 | D:7      | Reached XP level 9. HP: 66/81 MP: 8/12
  7383 | D:7      | Found a staircase to the Ecumenical Temple.
  7392 | Temple   | Entered the Ecumenical Temple
  7406 | Temple   | Became a worshipper of Hepliaklqana the Forgotten
  7542 | D:7      | Reached skill level 3 in Spellcasting
  7597 | D:7      | You pick up a book of Lightning and begin reading...
  7597 | D:7      | You add the spells Vhi's Electric Charge, Arcjolt and
                  | Plasma Beam to your library.
  7745 | D:7      | Noticed Menkaure
  8002 | D:7      | Reached skill level 1 in Evocations
  8131 | D:7      | Noticed a troll
  8185 | D:7      | Reached skill level 4 in Spellcasting
  8186 | D:7      | Reached skill level 2 in Evocations
  8323 | D:8      | Found a runed translucent door.
  8324 | D:8      | Noticed a centaur warrior
  8324 | D:8      | Noticed Valeaz's ghost (novice GnAE)
  8557 | D:7      | Noticed Maggie
  8607 | D:8      | Noticed a two-headed ogre
  8649 | D:8      | Reached skill level 3 in Evocations
  8677 | D:8      | Learned a level 3 spell: Mephitic Cloud
  8793 | D:8      | Reached skill level 1 in Conjurations
  8793 | D:8      | Reached skill level 1 in Air Magic
  8950 | D:8      | Reached skill level 2 in Air Magic
  9138 | D:8      | Reached skill level 2 in Conjurations
  9525 | D:9      | Reached * piety under Hepliaklqana
  9528 | D:9      | Reached skill level 3 in Air Magic
  9528 | D:9      | Reached skill level 4 in Evocations
  9668 | D:9      | Noticed a two-headed ogre
  9705 | D:9      | You add the spells Sting and Olgreb's Toxic Radiance to
                  | your library.
  9719 | D:9      | Identified the +1 robe of the Blue Moon {rF- rCorr Str+6
                  | Int+2}
  9852 | D:9      | Reached skill level 3 in Conjurations
  9948 | D:9      | Reached skill level 4 in Air Magic
 10252 | D:9      | Noticed Psyche
 10267 | D:9      | Killed Psyche
 10294 | D:9      | Reached skill level 4 in Conjurations
 10294 | D:9      | Reached skill level 5 in Air Magic
 10294 | D:9      | Reached XP level 10. HP: 54/79 MP: 16/16
 10414 | D:9      | Reached skill level 6 in Air Magic
 10441 | D:9      | Killed a two-headed ogre
 10442 | D:9      | Reached skill level 5 in Conjurations
 10442 | D:9      | Reached skill level 7 in Air Magic
 10767 | D:10     | Entered Level 10 of the Dungeon
 10824 | D:10     | Reached skill level 6 in Conjurations
 10824 | D:10     | Reached skill level 8 in Air Magic
 10948 | D:10     | Reached skill level 9 in Fighting
 10998 | D:10     | Found a staircase to the Lair.
 11122 | D:10     | Reached skill level 10 in Fighting
 11182 | D:10     | Reached ** piety under Hepliaklqana
 11183 | D:10     | Remembered your ancestor Busisiwe as a battlemage
 11192 | D:10     | Reached skill level 1 in Alchemy
 11197 | D:10     | Reached skill level 2 in Alchemy
 11197 | D:10     | Reached XP level 11. HP: 89/89 MP: 11/17
 11264 | D:10     | Noticed Amaemon
 11269 | D:10     | Reached skill level 3 in Alchemy
 11281 | D:10     | Killed Amaemon
 11350 | D:10     | Noticed a two-headed ogre
 11360 | D:10     | Killed a two-headed ogre
 11772 | Lair:1   | Entered Level 1 of the Lair of Beasts
 11772 | Lair:1   | Noticed FLACIDUS's ghost (journeyman DsEE)
 11772 | Lair:1   | Noticed a nine-headed hydra
 11772 | Lair:1   | Found a runed translucent gate.
 11772 | Lair:1   | Found a runed translucent gate.
 11772 | Lair:1   | Found a runed translucent gate.
 11773 | Lair:1   | Noticed a 12-headed hydra
 12064 | Lair:1   | Reached skill level 9 in Air Magic
 12076 | Lair:1   | Reached skill level 7 in Conjurations
 12082 | Lair:1   | Learned a level 5 spell: Freezing Cloud
 12105 | Lair:1   | Reached skill level 8 in Ice Magic
 12438 | Lair:1   | Reached skill level 10 in Air Magic
 12503 | Lair:1   | Reached *** piety under Hepliaklqana
 12531 | Lair:1   | Reached skill level 8 in Conjurations
 12741 | Lair:1   | Reached skill level 9 in Ice Magic
 12741 | Lair:1   | Reached XP level 12. HP: 95/95 MP: 9/18
 13216 | Lair:2   | Found a shimmering blue altar of Sif Muna.
 13330 | Lair:2   | Found a staircase to the Snake Pit.
 13339 | Lair:2   | Reached skill level 11 in Air Magic
 13371 | Lair:2   | Reached skill level 9 in Conjurations
 13461 | Lair:2   | Reached skill level 10 in Ice Magic
 13834 | Lair:2   | Noticed Gastronok
 13838 | Lair:2   | Noticed an eight-headed hydra
 13843 | Lair:2   | Killed Gastronok
 13844 | Lair:2   | Reached skill level 5 in Spellcasting
 13844 | Lair:2   | Killed an eight-headed hydra
 13845 | Lair:2   | Reached skill level 6 in Spellcasting
 14061 | Lair:2   | Found a staircase to the Swamp.
 14453 | Lair:3   | Learned a level 5 spell: Arcjolt
 14477 | Lair:3   | Reached skill level 4 in Dodging
 14533 | Lair:3   | Reached **** piety under Hepliaklqana
 14590 | Lair:3   | Reached XP level 13. HP: 102/102 MP: 17/22
 14890 | Lair:3   | Reached skill level 11 in Fighting
 15069 | Lair:4   | Reached skill level 5 in Dodging
 15238 | Lair:4   | Found a viscous altar of Jiyva.
 15240 | Lair:4   | Found a staircase to the Slime Pits.
 15255 | Lair:4   | Identified the +1 leather armour "Woesutt" {rC++ Dex-3}
 15535 | Lair:4   | You pick up a book of Touch and begin reading...
 15535 | Lair:4   | You add the spells Kiss of Death, Confusing Touch and
                  | Dispel Undead to your library.
 15763 | Lair:5   | Entered Level 5 of the Lair of Beasts
 15804 | Lair:5   | Reached skill level 12 in Fighting
 15804 | Lair:5   | Reached skill level 6 in Dodging
 15963 | Lair:5   | Reached skill level 1 in Invocations
 15992 | Lair:5   | Reached skill level 2 in Invocations
 15995 | Lair:5   | Reached skill level 3 in Invocations
 16009 | Lair:5   | Reached skill level 4 in Invocations
 16093 | Lair:5   | Reached skill level 5 in Invocations
 16180 | Lair:5   | Reached skill level 6 in Invocations
 16188 | Lair:5   | Noticed Sonja
 16191 | Lair:5   | Killed Sonja
 16192 | Lair:5   | Reached skill level 7 in Invocations
 16455 | Lair:5   | Reached skill level 8 in Invocations
 16514 | Lair:5   | Reached ***** piety under Hepliaklqana
 16923 | Lair:5   | Noticed a fire dragon
 16931 | Lair:5   | Killed a fire dragon
 17325 | Lair:1   | Reached skill level 7 in Spellcasting
 17430 | Lair:1   | Killed FLACIDUS's ghost
 17492 | Lair:1   | Identified the +6 long sword "Gukuvvun" {heavy, rN+ Dex+2}
 17833 | D:11     | Gained mutation: Your large and strong wings let you fly.
                  | [Black Draconian growth]
 17833 | D:11     | Reached XP level 14. HP: 113/113 MP: 25/25
 17876 | D:11     | You add the spells Ignite Poison, Sticky Flame and Ignition
                  | to your library.
 17930 | D:11     | Reached skill level 8 in Spellcasting
 18061 | D:11     | Reached skill level 12 in Air Magic
 18189 | D:11     | Found a transporter.
 18190 | D:11     | Found a transporter.
 18208 | D:11     | Found a transporter.
 18214 | D:11     | Found a transporter.
 18495 | D:11     | You pick up a book of Decay and begin reading...
 18495 | D:11     | You add the spells Cigotuvi's Dreadful Rot, Martyr's Knell
                  | and Death Channel to your library.
 18966 | D:12     | Reached skill level 13 in Fighting
 19160 | D:12     | Identified the +1 pair of gloves "Ynkip" {Str+3 Stlth+}
 19176 | D:12     | Noticed a frost giant
 19377 | D:12     | Killed a frost giant
 19413 | D:12     | Noticed a sphinx
 19525 | D:12     | Killed a sphinx
 19526 | D:12     | Reached skill level 14 in Fighting
 19895 | D:12     | Found a staircase to the Orcish Mines.
 20077 | Orc:1    | Entered Level 1 of the Orcish Mines
 20538 | Orc:2    | Entered Level 2 of the Orcish Mines
 20759 | Orc:2    | Reached skill level 7 in Dodging
 20767 | Orc:2    | Reached skill level 1 in Long Blades
 20909 | Orc:2    | Found Kyeggir's Magic Scroll Shop.
 20912 | Orc:2    | Found Qymn's Magic Scroll Boutique.
 20926 | Orc:2    | Reached skill level 2 in Long Blades
 20986 | Orc:2    | Bought a scroll of fear for 56 gold pieces
 20988 | Orc:2    | Bought a scroll of blinking for 97 gold pieces
 21305 | Orc:2    | Found a staircase to the Elven Halls.
 21317 | Orc:2    | Noticed Erolcha
 21398 | Orc:2    | Reached skill level 3 in Long Blades
 21431 | Orc:2    | Paralysed by an orc sorcerer for 4 turns
 21440 | Orc:2    | Reached skill level 4 in Long Blades
 21440 | Orc:2    | Reached skill level 8 in Dodging
 21641 | Orc:2    | Reached skill level 5 in Long Blades
 21683 | Orc:2    | Reached skill level 6 in Long Blades
 21798 | Orc:2    | Found Ofoxit's Antique Armour Emporium.
 21798 | Orc:2    | Found Repson's Jewellery Shoppe.
 21810 | Orc:2    | Reached XP level 15. HP: 98/124 MP: 25/27
 21814 | Orc:2    | Found a one-way gate leading to the halls of Pandemonium.
 21859 | Orc:2    | Bought a runed hat for 203 gold pieces
 22013 | D:12     | magus.rc [v1.9.6]
 22013 | D:12     | magus.rc [v1.9.6]
 22080 | D:13     | Reached skill level 7 in Long Blades
 22408 | D:13     | You pick up a book of Hexes and begin reading...
 22408 | D:13     | You add the spells Anguish, Cause Fear and Enfeeble to your
                  | library.
 22613 | D:13     | Found a portal to a secret trove of treasure.
 22841 | D:13     | Reached skill level 8 in Long Blades
 22950 | D:14     | Noticed Azrael
 22954 | D:14     | Killed Azrael
 23123 | D:14     | Reached skill level 9 in Long Blades
 23375 | D:14     | You are sucked into a shaft and drop 1 floor!
 23375 | D:15     | Entered Level 15 of the Dungeon
 23379 | D:15     | Noticed Agnes
 23387 | D:15     | Killed Agnes
 23401 | D:15     | Reached skill level 10 in Conjurations
 23462 | D:15     | Reached ****** piety under Hepliaklqana
 23615 | D:14     | You add the spells Gell's Gravitas, Teleport Other and
                  | Dispersal to your library.
 23688 | D:14     | Found a hide-covered altar of Uskayaw.
 23890 | D:14     | Reached skill level 9 in Dodging
 24125 | D:14     | Found a gate to the Vaults.
 24341 | D:15     | Reached skill level 10 in Dodging
 24447 | D:15     | You pick up a book of Battle and begin reading...
 24447 | D:15     | You add the spells Fugue of the Fallen and Manifold Assault
                  | to your library.
 24505 | D:15     | Reached skill level 13 in Air Magic
 24548 | D:15     | Found a staircase to the Depths.
 24753 | D:15     | Reached skill level 14 in Air Magic
 25085 | Lair:1   | Upgraded the game from 0.31.0 to 0.31.0-2-g5a2aebc5c2
 25085 | Lair:1   | magus.rc [v1.9.6]
 25125 | Snake:1  | Entered Level 1 of the Snake Pit
 25138 | Snake:1  | Reached XP level 16. HP: 114/131 MP: 12/28
 25787 | Snake:1  | Reached skill level 15 in Fighting
 25968 | Snake:1  | Found Jeixut's Antique Armour Shoppe.
 25979 | Snake:1  | Found Huxerher's Armour Shoppe.
 26777 | Snake:2  | Identified the +6 arbalest of Absolution {penet, rC+}
 26862 | Snake:2  | Reached skill level 10 in Long Blades
 27462 | Snake:2  | Reached skill level 16 in Fighting
 27663 | Snake:2  | Reached skill level 11 in Long Blades
 28437 | Snake:3  | magus.rc [v1.9.6]
 28601 | Snake:3  | Reached skill level 12 in Long Blades
 28929 | Snake:3  | Identified the +2 tower shield of Temperance {rF+}
 28929 | Snake:3  | Noticed Louise
 28940 | Snake:3  | Killed Louise
 29447 | Snake:4  | Entered Level 4 of the Snake Pit
 29451 | Snake:4  | Reached skill level 13 in Long Blades
 29543 | Snake:4  | Found Nyneleb's Magic Scroll Shop.
 29545 | Snake:4  | Noticed Vashnia
 29572 | Snake:4  | Reached XP level 17. HP: 113/142 MP: 22/29
 29579 | Snake:4  | Killed Vashnia
 29698 | Snake:4  | Bought a scroll of blinking for 97 gold pieces
 29698 | Snake:4  | Bought a scroll of teleportation for 39 gold pieces
 29800 | Snake:4  | Reached skill level 6 in Shields
 29805 | Snake:4  | Learned a level 4 spell: Vhi's Electric Charge
 29809 | Snake:4  | Learned a level 3 spell: Fugue of the Fallen
 30108 | Snake:4  | Reached skill level 7 in Shields
 30358 | Snake:4  | Reached skill level 8 in Shields
 30633 | Snake:4  | Reached skill level 9 in Shields
 30876 | Snake:4  | Reached skill level 10 in Shields
 31236 | Snake:4  | Reached skill level 11 in Shields
 31501 | Snake:4  | Got a serpentine rune of Zot
 31688 | Swamp:1  | Entered Level 1 of the Swamp
 31758 | Swamp:1  | You pick up a book of Death and begin reading...
 31758 | Swamp:1  | You add the spells Animate Dead, Haunt and Infestation to
                  | your library.
 31975 | Swamp:1  | Reached skill level 12 in Shields
 32090 | Swamp:1  | Found a runed translucent door.
 32091 | Swamp:1  | Noticed Jacimip's ghost (journeyman HaHu)
 32211 | Swamp:1  | You pick up a book of Necromancy and begin reading...
 32211 | Swamp:1  | You add the spells Necrotise, Vampiric Draining and Curse
                  | of Agony to your library.
 32281 | Swamp:1  | Identified a scroll of acquirement
 32282 | Swamp:1  | Acquired the +0 hat of the Solemn Grue {rPois Int-4 Dex+7
                  | Stlth+}
 32574 | Swamp:2  | Found a runed translucent gate.
 32574 | Swamp:2  | Found a runed translucent gate.
 32574 | Swamp:2  | Found a runed translucent gate.
 32574 | Swamp:2  | Noticed Vudadgh's ghost (adept HuWr)
 32614 | Swamp:2  | You pick up a book of Scorching and begin reading...
 32614 | Swamp:2  | You add the spells Scorch, Flame Wave and Summon Cactus
                  | Giant to your library.
 32999 | Swamp:2  | Reached XP level 18. HP: 144/149 MP: 26/30
 33059 | Swamp:2  | Reached skill level 13 in Shields
 33430 | Swamp:3  | Found a transporter.
 33435 | Swamp:3  | Noticed suomimenusko's ghost (adept NaFi)
 33495 | Swamp:3  | Found a transporter.
 33814 | Swamp:3  | Found the +3 Mad Mage's Maulers {Infuse+โˆž VampMP -Cast}
 33899 | Swamp:4  | Entered Level 4 of the Swamp
 33899 | Swamp:4  | Noticed Mara
 33908 | Swamp:4  | Paralysed by a fenstrider witch for 5 turns
 33917 | Swamp:4  | Got a decaying rune of Zot
 33924 | Swamp:4  | Paralysed by a fenstrider witch for 2 turns
 33925 | Swamp:4  | HP: 25/149 [spriggan rider/+0 spear[a spriggan druid] (13)]
 33925 | Swamp:4  | HP: 12/149 [alligator (13)]
 33936 | Swamp:4  | Noticed MackTheKnife's illusion
 34291 | Elf:1    | Entered Level 1 of the Elven Halls
 34331 | Elf:1    | Reached skill level 14 in Shields
 34384 | Elf:1    | Found an ancient bone altar of Kikubaaqudgha.
 34513 | Elf:1    | Acquired MackTheKnife's Octavo of Refrigeration
 34514 | Elf:1    | You add the spells Hailstorm and Ozocubu's Refrigeration to
                  | your library.
 34581 | Elf:1    | Reached skill level 11 in Dodging
 34984 | Elf:1    | Reached skill level 12 in Dodging
 35682 | Elf:2    | Learned a level 3 spell: Hailstorm
 35778 | Elf:2    | Paralysed by an air elemental for 1 turns
 35780 | Elf:2    | Paralysed by an air elemental for 1 turns
 35835 | Elf:3    | Entered Level 3 of the Elven Halls
 35840 | Elf:3    | Reached skill level 13 in Dodging
 36150 | Elf:3    | Noticed Deughiar's ghost (adept GnSh)
 36153 | Elf:3    | Found a bloodstained altar of Trog.
 36168 | Elf:3    | Found a transporter.
 36172 | Elf:3    | Found a transporter.
 36814 | Elf:3    | Reached skill level 14 in Dodging
 36815 | Elf:3    | Reached XP level 19. HP: 112/154 MP: 13/31
 36972 | Elf:3    | Reached skill level 9 in Invocations
 37029 | Elf:3    | Identified the serpent talisman "Feve" {rElec Will+ Str+3}
 37029 | Elf:3    | Noticed Aizul
 37034 | Elf:3    | Killed Aizul
 37271 | Elf:3    | Reached skill level 10 in Invocations
 37329 | Elf:3    | Identified the +6 flail "Oddumoos" {heavy, rC+ Will+
                  | Stlth+}
 37471 | Elf:3    | Identified the +0 morningstar "Ikegron" {elec, rF+ rN+
                  | rCorr}
 37651 | Elf:3    | Reached skill level 9 in Spellcasting
 37723 | Elf:3    | a deep elf demonologist comes into view. It is wielding a
                  | +0 long sword and wearing the ring of the Hare {EV+10}.
 38047 | Elf:3    | Identified the +0 chain mail of Sif Muna's Grace {Str-2
                  | Int+4}
 38159 | Elf:3    | You pick up a book of the Warp and begin reading...
 38210 | Elf:3    | Got the Anthology of Flamy Firn
 38218 | Elf:3    | Got Sif Muna's Monograph on Cold and Voltage
 38225 | Elf:3    | You pick up a book of Party Tricks and begin reading...
 38225 | Elf:3    | You add the spells Apportation, Jinxbite and Alistair's
                  | Intoxication to your library.
 38238 | Elf:3    | You pick up a book of the Earth and begin reading...
 38238 | Elf:3    | You add the spells Leda's Liquefaction, Lee's Rapid
                  | Deconstruction and Bombard to your library.
 38534 | Vaults:1 | Entered Level 1 of the Vaults
 38535 | Vaults:1 | magus.rc [v1.9.6]
 38568 | Vaults:1 | Reached skill level 1 in Necromancy
 38572 | Vaults:1 | Reached skill level 10 in Spellcasting
 38574 | Vaults:1 | Reached skill level 2 in Necromancy
 38579 | Vaults:1 | Reached skill level 3 in Necromancy
 38581 | Vaults:1 | Reached skill level 4 in Necromancy
 38641 | Vaults:1 | Reached skill level 5 in Necromancy
 38717 | Vaults:1 | Reached skill level 6 in Necromancy
 38796 | Vaults:1 | Reached skill level 7 in Necromancy
 38804 | Vaults:1 | Reached skill level 8 in Necromancy
 38956 | Vaults:1 | Reached skill level 9 in Necromancy
 39196 | Vaults:1 | Reached skill level 10 in Necromancy
 39208 | Vaults:1 | Learned a level 4 spell: Animate Dead
 39215 | Vaults:1 | Learned a level 6 spell: Death Channel
 39268 | Vaults:1 | Reached skill level 11 in Necromancy
 39369 | Vaults:1 | Acquired the Guide on Turbulent Companions
 39370 | Vaults:1 | You add the spells Summon Small Mammal, Swiftness,
                  | Spellforged Servitor and Chain Lightning to your library.
 39739 | Vaults:1 | Reached skill level 12 in Necromancy
 40645 | Vaults:2 | Reached XP level 20. HP: 162/162 MP: 34/34
 40759 | Vaults:2 | Found a staircase to the Crypt.
 41215 | Vaults:2 | Reached skill level 13 in Necromancy
 41368 | Vaults:2 | Reached skill level 17 in Fighting
 41897 | Vaults:2 | Identified the +1 pair of gloves "Nipharpheumn" {-Cast
                  | +Blink Will+ Dex+4}
 41935 | Vaults:2 | magus.rc [v1.9.6]
 42285 | Vaults:3 | magus.rc [v1.9.6]
 42509 | Vaults:3 | Reached skill level 14 in Necromancy
 42719 | Vaults:3 | Reached skill level 18 in Fighting
 42885 | Vaults:3 | You pick up a book of Callings and begin reading...
 42885 | Vaults:3 | You add the spells Call Canine Familiar and Summon
                  | Blazeheart Golem to your library.
 42958 | Vaults:3 | Found Jeaf's Antique Armour Shoppe.
 42958 | Vaults:3 | Found Ynleh's Armour Shoppe.
 42968 | Vaults:3 | Found Tuho's Armour Shoppe.
 43627 | Vaults:4 | Found Lestriffoq's Antique Armour Shoppe.
 43664 | Vaults:4 | Reached skill level 19 in Fighting
 43691 | Vaults:4 | Found Nomnu's Armour Shoppe.
 43702 | Vaults:4 | magus.rc [v1.9.6]
 43737 | Vaults:4 | a vault sentinel comes into view. It is wielding the +8
                  | demon trident "Rift" {distort, reach+}.
 43738 | Vaults:4 | Aim: a vault sentinel, wielding the +8 demon trident "Rift"
                  | {distort, reach+} and wearing a +0 ring mail (ally target)
 43738 | Vaults:4 | Aim: a vault sentinel, wielding the +8 demon trident "Rift"
                  | {distort, reach+} and wearing a +0 ring mail (ally target)
 44115 | Vaults:4 | Reached XP level 21. HP: 155/180 MP: 35/35
 44268 | Vaults:4 | Reached skill level 20 in Fighting
 44300 | Vaults:4 | Found Intiynis's Armour Boutique.
 44357 | Vaults:4 | Found Ralor's General Store.
 44363 | Vaults:4 | Bought a scroll of teleportation for 48 gold pieces
 44363 | Vaults:4 | Bought a potion of enlightenment for 80 gold pieces
 44420 | Vaults:4 | Found Pylall's Jewellery Boutique.
 44434 | Vaults:4 | Bought the ring "Yhiylodocw" {Will++ AC+4 Int+3 Dex+4} for
                  | 1362 gold pieces
 44437 | Vaults:4 | Bought an amulet of reflection for 570 gold pieces
 44511 | Vaults:4 | Noticed a golden dragon
 44520 | Vaults:4 | Killed a golden dragon
 44748 | Vaults:4 | You pick up a book of Annihilations and begin reading...
 44748 | Vaults:4 | You add the spells Fire Storm and Shatter to your library.
 44769 | Vaults:4 | Found Ryoz's Distillery.
 44777 | Vaults:4 | Bought a potion of cancellation for 160 gold pieces
 44777 | Vaults:4 | Bought a potion of might for 80 gold pieces
 44777 | Vaults:4 | Bought a potion of haste for 200 gold pieces
 44777 | Vaults:4 | Bought a potion of ambrosia for 160 gold pieces
 44777 | Vaults:4 | Bought a potion of mutation for 160 gold pieces
 44777 | Vaults:4 | Gained mutation: You are occasionally teleported next to
                  | monsters. [potion of mutation]
 44777 | Vaults:4 | Gained mutation: Your muscles are strong. (Str +4, Int/Dex
                  | -1) [potion of mutation]
 44778 | Vaults:4 | Lost mutation: Your muscles are strong. (Str +4, Int/Dex
                  | -1) [potion of mutation]
 44778 | Vaults:4 | Lost mutation: You are occasionally teleported next to
                  | monsters. [potion of mutation]
 44778 | Vaults:4 | Gained mutation: You are weak. (Str -2) [potion of
                  | mutation]
 44778 | Vaults:4 | Gained mutation: You expend magic power (3 MP) to
                  | strengthen your wands. [potion of mutation]
 44779 | Vaults:4 | Lost mutation: You are weak. (Str -2) [potion of mutation]
 44779 | Vaults:4 | Lost mutation: You expend magic power (3 MP) to strengthen
                  | your wands. [potion of mutation]
 44779 | Vaults:4 | Gained mutation: You have large cloven feet. [potion of
                  | mutation]
 44779 | Vaults:4 | Lost mutation: You have large cloven feet. [potion of
                  | mutation]
 44779 | Vaults:4 | Gained mutation: You are partially covered in large bone
                  | plates. (SH +4) [potion of mutation]
 45382 | Depths:1 | Entered Level 1 of the Depths
 45408 | Depths:1 | Reached skill level 15 in Shields
 45422 | Depths:1 | Reached skill level 15 in Dodging
 45732 | Depths:1 | Found a gateway to Hell.
 45763 | Depths:1 | Found a broken altar of Ashenzari.
 45976 | Depths:2 | magus.rc [v1.9.6]
 46137 | Depths:2 | Reached skill level 16 in Dodging
 46906 | Depths:2 | Found a one-way gateway to a ziggurat.
 46934 | Depths:2 | Reached skill level 17 in Dodging
 47009 | Depths:2 | Noticed a juggernaut
 47102 | Depths:2 | Killed a juggernaut
 47105 | Depths:2 | Reached XP level 22. HP: 188/188 MP: 26/36
 47169 | Depths:2 | Identified the +6 shortbow of Watwamo {drain, Str+3}
 47172 | Depths:2 | Identified the staff "Tej Bofi" {rF+ rC+ Fire}
 47178 | Depths:2 | You add the spells Iskenderun's Mystic Blast and
                  | Dimensional Bullseye to your library.
 47178 | Depths:2 | Got the Papyrus of Last Rites and Peregrination
 47179 | Depths:2 | Identified the +4 trident "Gemapanu" {speed, rN+ Dex+3}
 47194 | Depths:2 | Identified the staff of Emapohi {rF+ rC+ Int+4 Ice}
 47265 | Depths:2 | You add the spells Borgnjor's Vile Clutch and Eringya's
                  | Noxious Bog to your library.
 47272 | Depths:2 | Learned a level 5 spell: Borgnjor's Vile Clutch
 47375 | Depths:2 | Reached skill level 1 in Earth Magic
 47507 | Depths:2 | Reached skill level 2 in Earth Magic
 47523 | Depths:2 | Noticed a caustic shrike
 47531 | Depths:2 | Reached skill level 3 in Earth Magic
 47533 | Depths:2 | Killed a caustic shrike
 47538 | Depths:2 | Reached skill level 4 in Earth Magic
 48027 | Depths:3 | Reached skill level 5 in Earth Magic
 48093 | Depths:3 | Found a one-way gate to the infinite horrors of the Abyss.
 48160 | Depths:3 | Noticed a caustic shrike
 48167 | Depths:3 | Identified the +5 leather armour of the Farrier {*Slow rN+
                  | Int+4}
 48172 | Depths:3 | Killed a caustic shrike
 48230 | Depths:3 | Reached skill level 18 in Dodging
 48530 | Depths:3 | Noticed a dread lich
 48542 | Depths:3 | Killed a dread lich
 48920 | Depths:3 | Reached skill level 19 in Dodging
 48934 | Depths:3 | You pick up a book of the Hunter and begin reading...
 49459 | Depths:4 | Entered Level 4 of the Depths
 49827 | Depths:4 | Noticed a golden dragon
 49838 | Depths:4 | Killed a golden dragon
 49879 | Depths:4 | Noticed a golden dragon
 49889 | Depths:4 | Killed a golden dragon
 50087 | Depths:4 | Found a white marble altar of Elyvilon.
 50195 | Depths:4 | Found a gate to the Realm of Zot.
 50634 | Depths:4 | Reached skill level 20 in Dodging
 51109 | Vaults:5 | Entered Level 5 of the Vaults
 51111 | Vaults:5 | Noticed a golden dragon
 51138 | Vaults:5 | Reached XP level 23. HP: 194/194 MP: 11/37
 51170 | Vaults:5 | Reached skill level 21 in Fighting
 51284 | Vaults:5 | Identified the amulet of Tyck {Acrobat rCorr Dex+5}
 51305 | Vaults:5 | Acquired the +2 cloak of Chill Winds {*Corrode rC+ Will++
                  | Slay+6}
 51318 | Vaults:5 | Reached skill level 22 in Fighting
 51580 | Vaults:5 | Noticed an ancient lich
 51586 | Vaults:5 | Killed an ancient lich
 51594 | Vaults:5 | Identified +0 gold dragon scales
 51703 | Vaults:5 | Reached skill level 16 in Shields
 51728 | Vaults:5 | Identified +0 gold dragon scales
 51891 | Vaults:5 | Noticed a dread lich
 51959 | Vaults:4 | Killed a dread lich
 52035 | Vaults:5 | Identified the +4 eveningstar of Vaqaru Pezi {flame,
                  | Stlth+}
 52046 | Vaults:5 | Reached skill level 17 in Shields
 52048 | Vaults:5 | Identified the +1 chain mail "Unottous" {Harm Will+}
 52105 | Vaults:5 | Identified the amulet of Saoriere {Spirit rElec rC+ SInv}
 52438 | Vaults:5 | You add the spells Stone Arrow and Summon Forest to your
                  | library.
 52438 | Vaults:5 | Got Ilevah's Grimoire of Kinetic Energy and Shifting
 52450 | Vaults:5 | Got the Encyclopedia of Cinders
 52452 | Vaults:5 | Identified the +8 trident of the Grave {drain, rPois Will+
                  | Int+3 Stlth+}
 52478 | Vaults:5 | You pick up a book of Callings and begin reading...
 52667 | Vaults:5 | Got a silver rune of Zot
 52671 | Vaults:5 | You pick up a book of Dreams and begin reading...
 52685 | Vaults:5 | Identified the ring "Keasuco" {rPois rN+ Str+2 Dex+2}
 52860 | Vaults:5 | Reached skill level 18 in Shields
 53027 | Vaults:5 | You pick up a book of Necromancy and begin reading...
 53059 | Vaults:5 | Reached XP level 24. HP: 206/207 MP: 37/37
 53065 | Vaults:5 | You pick up a book of Power and begin reading...
 53078 | Vaults:5 | Identified the +0 pair of boots "Sahuc" {rPois rC++}
 53193 | Vaults:5 | Got the Cyclopedia of the Freezing Fjord
 53563 | Zot:1    | Entered Level 1 of the Realm of Zot
 53756 | Zot:1    | Reached skill level 5 in Evocations
 53785 | Zot:1    | Reached skill level 6 in Evocations
 53787 | Zot:1    | Identified +0 gold dragon scales
 53888 | Zot:1    | +0 gold dragon scales {rare}; a golden dragon corpse
 54001 | Zot:4    | Noticed a curse toe
 54010 | Zot:4    | Killed a curse toe
 54011 | Zot:4    | Reached skill level 7 in Evocations
 54071 | Zot:4    | Noticed a curse toe
 54077 | Zot:4    | Killed a curse toe
 54103 | Zot:4    | Reached skill level 19 in Shields
 54267 | Zot:5    | Entered Level 5 of the Realm of Zot
 54271 | Zot:5    | Found a runed translucent gate.
 54271 | Zot:5    | Found a runed translucent gate.
 54276 | Zot:5    | Noticed p0werm0de's ghost (adept MiFi)
 54301 | Zot:5    | Found a runed translucent gate.
 54329 | Zot:5    | Reached skill level 8 in Evocations
 54424 | Zot:5    | Noticed a curse toe
 54426 | Zot:5    | Noticed an electric golem
 54428 | Zot:5    | Noticed a Killer Klown
 54429 | Zot:5    | Killed a curse toe
 54430 | Zot:5    | Noticed an orb of fire
 54432 | Zot:5    | Noticed an orb of fire
 54433 | Zot:5    | Gained mutation: Your magical capacity is low. (-10% MP)
                  | [an orb of fire]
 54437 | Zot:5    | Noticed a Killer Klown
 54440 | Zot:5    | Got the Orb of Zot
 54444 | Zot:5    | Noticed an electric golem
 54444 | Zot:5    | Noticed an ancient lich
 54630 | Zot:1    | +0 gold dragon scales {rare}; a golden dragon skeleton
 54735 | Depths:1 | Identified +0 pearl dragon scales
 54735 | Depths:1 | Noticed a seraph
 54746 | Depths:1 | Killed a seraph
 54747 | Depths:1 | Reached skill level 9 in Evocations
 54930 | D:7      | Killed Maggie
 54949 | D:7      | Killed Menkaure
 54978 | D:6      | Noticed Koafo the pandemonium lord
 55049 | D:5      | Noticed Winog the pandemonium lord
 55120 | D:$      | Escaped with the Orb!

Vanquished Creatures
  A dread lich (Depths:3)
  An ancient lich (Vaults:5)
  A juggernaut (Depths:2)
  2 caustic shrikes
  2 curse toes (Zot:4)
  2 golden dragons
  7 tentacled monstrosities
  3 liches
  An Orb Guardian (Zot:5)
  A walking crystal tome (Depths:2)
  9 titans
  A Hell Sentinel (Zot:5)
  A deep elf blademaster (Elf:3)
  4 quicksilver dragons
  4 sphinxes (Depths:2)
  A walking divine tome (Depths:3)
  A deep elf master archer (Elf:3)
  A death cob (Zot:1)
  7 tengu reavers
  Agnes (D:15)
  2 thorn hunters
  Gastronok (Lair:2)
  5 shadow dragons
  7 nagarajas (Snake:4)
  2 storm dragons
  2 draconian monks
  A protean progenitor (Zot:1)
  A draconian knight (Zot:4)
  6 fire giants
  7 frost giants
  7 deep elf elementalists
  4 deep elf sorcerers
  3 iron dragons
  A draconian scorcher (Zot:1)
  7 vault wardens
  11 ironbound preservers
  4 orc warlords
  2 spectral caustic shrikes (Depths:3)
  A formless jellyfish (Vaults:4)
  4 ironbound thunderhulks
  11 very ugly things
  2 draconian annihilators (Zot:1)
  12 stone giants
  2 eleionomae
  2 green draconians
  3 deep elf demonologists
  2 vampire knights (Depths:2)
  2 deep elf death magi (Elf:3)
  6 deep elf annihilators
  4 black draconians
  A red draconian (Zot:1)
  4 spark wasps (Depths:2)
  5 white draconians
  5 dire elephants (Vaults:3)
  4 war gargoyles
  A yellow draconian (Zot:1)
  6 ettins
  Azrael (D:14)
  8 purple draconians
  A very ugly thing zombie (Depths:2)
  11 yaktaur captains
  3 deep elf high priests
  2 shambling mangroves
  An entropy weaver (Vaults:1)
  4 fire dragons
  3 hydras
  3 spriggan air magi
  A great orb of eyes (Vaults:4)
  2 ogre magi
  2 rakshasas
  An ice dragon (Depths:4)
  16 vault guards
  5 alligators
  A peacekeeper (Vaults:2)
  5 ironbound frosthearts
  2 salamander tyrants
  5 anacondas
  9 centaur warriors
  2 demonspawn (Orc:2)
  6 boulder beetles
  7 two-headed ogres
  A deep troll shaman (Depths:2)
  The ghost of FLACIDUS the Geomancer, a journeyman DsEE of Makhleb (Lair:1)
  7 naga warriors
  5 deep troll earth magi
  3 death yaks (Lair:5)
  5 tengu warriors
  A hell knight (Depths:3)
  5 dancing weapons
  7 naga sharpshooters
  An occultist (Depths:3)
  8 orc high priests
  16 deep elf knights
  4 spriggans
  2 spriggan berserkers
  4 shock serpents
  3 sixfirhies (D:14)
  2 iron trolls (Depths:3)
  Amaemon (D:10)
  Sonja (Lair:5)
  A skyshark (Lair:3)
  4 salamander mystics
  A sea snake (shapeshifter) (Vaults:4)
  2 goliath frogs
  3 skeletal warriors (D:15)
  A spriggan druid (Swamp:3)
  2 deep trolls (shapeshifter)
  34 deep trolls
  3 naga ritualists
  10 sea snakes (Snake:4)
  3 arcanists
  A spark wasp zombie (Depths:2)
  2 flayed ghosts
  11 ironbound convokers
  2 glowing orange brains
  5 lindwurms
  10 mana vipers
  2 swamp dragons (Swamp:1)
  8 harpies
  28 deep elf zephyrmancers
  Pikel (D:7)
  3 phantasmal warriors
  11 orc knights
  A necromancer (Vaults:5)
  2 bog bodies
  12 deep elf archers
  13 deep elf pyromancers
  A stone giant zombie (Vaults:3)
  3 orc sorcerers
  6 ugly things
  8 salamanders
  3 will-o-the-wisps
  2 cyclopes
  A manticore (D:11)
  9 meliai
  6 guardian serpents
  7 elephants
  A black mamba (shapeshifter) (D:14)
  2 moths of wrath
  9 naga magi
  23 black mambas
  8 vault sentinels
  Jeremiah (D:6)
  A white draconian zombie (Zot:1)
  Maggie (D:7)
  An orange demon (D:14)
  4 cane toads
  2 freezing wraiths
  5 yaktaurs
  8 komodo dragons
  An efreet (D:15)
  Psyche (D:9)
  A rime drake (Lair:5)
  3 unseen horrors
  A tormentor (Depths:1)
  An ice devil (Orc:2)
  7 tengu conjurers
  A red devil (Orc:2)
  A hellwing (D:4)
  A harpy zombie (Vaults:5)
  A bloated husk (Swamp:1)
  5 trolls
  A polar bear (shapeshifter) (D:12)
  A tengu simulacrum (Vaults:5)
  A tyrant leech (Swamp:3)
  9 blink frogs
  A dream sheep (shapeshifter) (D:15)
  2 glass eyes (Depths:3)
  A tarantella (Vaults:1)
  5 hornets
  A raiju (shapeshifter) (D:12)
  A snapping turtle (shapeshifter) (Vaults:2)
  2 centaur simulacra (D:13)
  2 air elementals
  22 slime creatures
  6 water elementals
  3 wyverns
  A ynoxinul (D:14)
  A wraith (D:14)
  3 slime creature zombies (Vaults:2)
  7 fire elementals
  2 basilisks
  3 humans (D:14)
  43 yaks
  10 vampire mosquitoes
  A warg (Orc:1)
  2 golden eyes (D:7)
  3 chaos spawn
  Menkaure (D:7)
  2 swamp worms (shapeshifter)
  21 nagas
  13 water moccasins
  5 hell hounds (D:14)
  5 swamp worms
  2 acid dragons (Lair:5)
  22 orc warriors
  5 swamp drakes
  4 black bears
  2 ice beasts (D:5)
  6 human zombies
  4 ogres
  8 wolves
  A laughing skull (D:14)
  6 boggarts
  A phantom (D:6)
  6 centaurs
  A lemure (D:7)
  A yaktaur zombie (Vaults:4)
  A kobold brigand (D:11)
  A glowing shapeshifter simulacrum (Vaults:5)
  11 bullfrogs
  An earth elemental (Elf:1)
  A scorpion (D:10)
  2 wights (D:8)
  6 killer bees
  4 spriggan skeletons (D:13)
  A howler monkey (D:6)
  An electric eel (Lair:5)
  3 bombardier beetles
  22 orc priests
  5 hounds
  4 jellies
  An ancestor (D:9)
  6 iguanas
  15 orc wizards
  A sleepcap (D:4)
  10 gnolls
  7 adders
  3 white imps
  4 ufetubi (D:6)
  5 dart slugs
  2 ribbon worms (D:3)
  65 orcs
  3 ball pythons
  6 bats
  6 endoplasms
  2 giant cockroaches
  11 hobgoblins
  2 jackals (D:2)
  9 kobolds
  5 quokkas
  5 frilled lizards
  5 goblins
  An orc zombie (Vaults:5)
  6 rats
  An aspiring flesh (Zot:1)
1185 creatures vanquished.

Vanquished Creatures (collateral kills)
  A seraph (Depths:1)
  Vashnia (Snake:4)
  A curse toe (Zot:5)
  4 golden dragons
  2 tentacled monstrosities
  A walking crystal tome (Depths:2)
  A lich (Depths:2)
  2 quicksilver dragons
  A deep elf blademaster (Elf:3)
  A deep elf master archer (Elf:3)
  A titan (Vaults:5)
  3 sphinxes
  A death cob (Zot:4)
  A tentacled starspawn (Zot:4)
  Aizul (Elf:3)
  4 shadow dragons
  6 tengu reavers
  2 thorn hunters
  A draconian monk (Zot:5)
  4 storm dragons
  2 daevas (Depths:1)
  6 fire giants
  4 nagarajas
  3 protean progenitors
  2 deep elf sorcerers (Elf:3)
  3 frost giants
  A deep elf elementalist (Elf:3)
  A ghost moth (Zot:1)
  Louise (Snake:3)
  4 iron dragons
  2 spectral caustic shrikes (Depths:3)
  12 vault wardens
  A draconian scorcher (Zot:1)
  An angel (Depths:1)
  2 draconian annihilators
  10 ironbound preservers
  A very ugly thing (Depths:1)
  3 vampire knights
  12 stone giants
  5 ironbound thunderhulks
  5 deep elf demonologists (Elf:3)
  A lorocyproca (Zot:4)
  4 deep elf death magi
  A green draconian (Depths:4)
  A black draconian (Depths:4)
  2 red draconians
  4 white draconians
  2 purple draconians
  3 eleionomae
  A spark wasp (Depths:2)
  5 deep elf annihilators
  2 war gargoyles
  11 dire elephants
  A yellow draconian (Zot:4)
  5 fire dragons
  7 ettins
  A blizzard demon (D:15)
  A crystal guardian (Vaults:2)
  2 deep elf high priests (Elf:3)
  3 yaktaur captains
  6 great orbs of eyes
  3 ogre magi
  5 ice dragons
  2 spriggan air magi
  4 anacondas
  A demonspawn (Orc:2)
  27 vault guards
  8 ironbound frosthearts
  3 centaur warriors
  2 hydras
  A ghost crab (Swamp:3)
  2 peacekeepers
  An alligator (Swamp:3)
  A catoblepas (Lair:5)
  A death knight (Vaults:2)
  3 boulder beetles
  2 deep troll shamans
  3 two-headed ogres
  7 dancing weapons
  A deep troll earth mage (Depths:3)
  A death yak (Lair:5)
  7 shock serpents
  5 tengu warriors
  2 vampire magi (Vaults:2)
  A titan zombie (Vaults:5)
  4 deep elf knights
  4 naga warriors
  2 orc high priests (Orc:2)
  2 occultists (Depths:1)
  5 naga sharpshooters
  2 soul eaters
  An iron troll (Depths:3)
  2 skeletal warriors (D:15)
  A sea snake (Snake:4)
  15 deep trolls
  A goliath frog (Zot:4)
  2 naga ritualists (Snake:2)
  3 salamander mystics (Snake:3)
  4 flayed ghosts
  A bog body (Swamp:3)
  A glowing orange brain (Depths:3)
  5 mana vipers
  3 swamp dragons
  A harpy (Vaults:1)
  8 lindwurms
  6 orc knights
  3 phantasmal warriors
  7 ironbound convokers
  7 deep elf zephyrmancers
  2 necromancers (Vaults:3)
  13 ugly things
  9 deep elf pyromancers
  3 salamanders
  3 orc sorcerers (Orc:2)
  2 moths of wrath
  2 cyclopes
  A tengu skeleton (Vaults:3)
  A cyclops (shapeshifter) (Vaults:5)
  15 black mambas
  A rust devil (Orc:2)
  A meliai (Depths:2)
  8 naga magi
  11 vault sentinels
  7 elephants
  An orange demon (D:10)
  2 stone giant skeletons (Vaults:3)
  A torpor snail (shapeshifter) (Vaults:5)
  5 cane toads
  A torpor snail (Lair:2)
  A gargoyle (D:13)
  A yaktaur zombie (Vaults:3)
  An unseen horror (D:13)
  A freezing wraith (D:12)
  4 komodo dragons
  14 yaktaurs
  2 tengu conjurers
  A rime drake (Lair:5)
  A troll (Orc:1)
  3 tyrant leeches
  A queen bee (shapeshifter) (D:14)
  A hornet (Swamp:3)
  A polar bear (D:13)
  2 blink frogs
  10 slime creatures
  A jumping spider (shapeshifter) (Depths:2)
  An ettin zombie (Vaults:3)
  An air elemental (Elf:1)
  A stone giant simulacrum (Vaults:3)
  5 wyverns
  A ynoxinul (Zot:5)
  4 water elementals
  An ettin skeleton (Vaults:3)
  A small abomination (D:6)
  3 spriggans
  4 golden eyes (D:7)
  A human (D:14)
  A wraith (D:9)
  24 yaks
  2 fire elementals (Elf:3)
  4 vampire mosquitoes
  An elf skeleton (Vaults:5)
  A human simulacrum (Vaults:5)
  A chaos spawn (D:14)
  3 swamp worms (Swamp:3)
  14 nagas
  2 acid dragons
  3 water moccasins
  4 swamp drakes
  2 ice beasts (D:13)
  A laughing skull (D:14)
  12 orc warriors
  An ogre (D:15)
  7 wolves
  2 bullfrogs
  2 earth elementals
  A gnoll sergeant (D:12)
  2 killer bees (D:10)
  A troll skeleton (D:13)
  A spriggan skeleton (D:13)
  2 electric eels
  7 orc priests
  2 iguanas (Lair:5)
  6 orc wizards
  18 orcs
  An aspiring flesh (Zot:4)
  A starspawn tentacle (Zot:4)
652 creatures vanquished.

Vanquished Creatures (others)
  A dread lich (Vaults:4)
  A draconian stormcaller (Depths:4)
  A vault guard (D:14)
  A storm dragon zombie (Depths:3)
  A deep elf knight (Elf:1)
  A spark wasp zombie (Depths:2)
  A shadow dragon zombie (Depths:2)
  2 tengu zombies
  5 ugly thing zombies (Depths:1)
  A frost giant zombie (Depths:3)
  3 fire giant zombies
  3 stone giant zombies
  2 draconian zombies (Zot:1)
  3 dire elephant zombies (Vaults:3)
  A black draconian zombie (Zot:1)
  A swamp worm zombie (Vaults:4)
  2 iron troll zombies (Depths:3)
  A spriggan zombie (Depths:1)
  3 harpy zombies (Vaults:5)
  2 bloated husks (Swamp:1)
  A hornet (Swamp:1)
  An ice dragon zombie (Depths:3)
  A fire dragon zombie (Depths:2)
  2 ettin zombies
  4 slime creature zombies
  4 deep troll zombies
  A lindwurm zombie (Vaults:3)
  A boggart (Vaults:1)
  A salamander zombie (Depths:2)
  26 human zombies
  2 yaktaur zombies
  60 battlemagi
  An ancestor (D:10)
  An orc zombie (Vaults:5)
  2 foxfires (Swamp:1)
  3 starspawn tentacles (Zot:4)
147 creatures vanquished.

Grand Total: 1984 creatures vanquished

Table legend:
 A = Non-vault XP
 B = Vault XP
 C = Vault XP percentage of total XP
 D = Non-vault monster count
 E = Vault monster count
 F = Vault count percentage of total count
                 A         B        C        D         E       F
            +---------+---------+-------+---------+---------+-------
      Total |  549478 |  520937 |  48.7 |    1129 |     677 |  37.5
            +---------+---------+-------+---------+---------+-------
        D:1 |      43 |       0 |   0.0 |      26 |       0 |   0.0
        D:2 |      28 |       0 |   0.0 |      11 |       0 |   0.0
        D:3 |     146 |       0 |   0.0 |      26 |       0 |   0.0
        D:4 |     323 |       0 |   0.0 |      27 |       0 |   0.0
        D:5 |     579 |       0 |   0.0 |      17 |       0 |   0.0
        D:6 |     459 |     613 |  57.2 |      13 |       7 |  35.0
        D:7 |     949 |    1211 |  56.1 |      25 |       3 |  10.7
        D:8 |     905 |       0 |   0.0 |      15 |       0 |   0.0
        D:9 |    3359 |     455 |  11.9 |      19 |       2 |   9.5
       D:10 |    3238 |    2330 |  41.8 |      15 |      11 |  42.3
       D:11 |    5851 |       0 |   0.0 |      24 |       0 |   0.0
       D:12 |    4678 |    9148 |  66.2 |      22 |      22 |  50.0
       D:13 |    3846 |    2415 |  38.6 |       9 |      19 |  67.9
       D:14 |    7193 |   12571 |  63.6 |      23 |      28 |  54.9
       D:15 |   18700 |    4151 |  18.2 |      34 |       4 |  10.5
     Lair:1 |    8865 |    2582 |  22.6 |      33 |       5 |  13.2
     Lair:2 |    7725 |    4088 |  34.6 |      30 |      10 |  25.0
     Lair:3 |    4690 |       0 |   0.0 |      17 |       0 |   0.0
     Lair:4 |    1914 |     128 |   6.3 |      10 |       3 |  23.1
     Lair:5 |   15114 |    4070 |  21.2 |      45 |      17 |  27.4
    Swamp:1 |   12626 |       0 |   0.0 |      26 |       0 |   0.0
    Swamp:2 |   10220 |       0 |   0.0 |      17 |       0 |   0.0
    Swamp:3 |   11444 |     392 |   3.3 |      21 |       3 |  12.5
    Swamp:4 |       0 |     727 | 100.0 |       0 |       1 | 100.0
    Snake:1 |   14369 |    1856 |  11.4 |      27 |       4 |  12.9
    Snake:2 |   23013 |       0 |   0.0 |      41 |       0 |   0.0
    Snake:3 |   15226 |    1204 |   7.3 |      28 |       1 |   3.4
    Snake:4 |   25392 |   36857 |  59.2 |      51 |      44 |  46.3
      Orc:1 |     593 |     799 |  57.4 |       3 |       4 |  57.1
      Orc:2 |    1942 |   17985 |  90.3 |      25 |      70 |  73.7
      Elf:1 |   25487 |    9918 |  28.0 |      47 |      18 |  27.7
      Elf:2 |   13113 |       0 |   0.0 |      21 |       0 |   0.0
      Elf:3 |   22876 |   37899 |  62.4 |      37 |      34 |  47.9
   Vaults:1 |   24280 |   24416 |  50.1 |      37 |      35 |  48.6
   Vaults:2 |   16970 |   25699 |  60.2 |      28 |      34 |  54.8
   Vaults:3 |   29483 |   25371 |  46.3 |      41 |      33 |  44.6
   Vaults:4 |   30257 |   39363 |  56.5 |      43 |      43 |  50.0
   Vaults:5 |   22923 |  122700 |  84.3 |      35 |     108 |  75.5
   Depths:1 |   27195 |     352 |   1.3 |      31 |       1 |   3.1
   Depths:2 |    7418 |   72529 |  90.7 |      14 |      63 |  81.8
   Depths:3 |   27290 |   38504 |  58.5 |      27 |      33 |  55.0
   Depths:4 |   28948 |   18155 |  38.5 |      29 |      15 |  34.1
      Zot:1 |   32171 |       0 |   0.0 |      31 |       0 |   0.0
      Zot:2 |     454 |       0 |   0.0 |       1 |       0 |   0.0
      Zot:4 |   22870 |    2449 |   9.7 |      16 |       2 |  11.1
      Zot:5 |   14313 |       0 |   0.0 |      11 |       0 |   0.0
            +---------+---------+-------+---------+---------+-------

Skill      XL: |  1  2  3  4  5  6  7  8  9 10 11 12 13 14 15 16 17 18 19 20 21 22 23 24 |
---------------+-------------------------------------------------------------------------+-----
Stealth        | 2 |  2.0
Fighting       | 1 2 5 7 8 10 12 14 16 19 20 22 | 22.0
Ice Magic      | 5 6 7 9 10 | 10.1
Shields        | 2 5 12 14 15 18 19 | 19.6
Short Blades   | 4 |  4.0
Dodging        | 3 4 6 8 10 14 17 20 | 20.0
Spellcasting   | 4 6 7 8 10 | 10.0
Evocations     | 4 9 |  9.2
Conjurations   | 4 6 8 9 10 | 10.0
Air Magic      | 5 8 10 11 12 14 | 14.0
Alchemy        | 2 3 |  3.0
Invocations    | 8 10 | 10.0
Long Blades    | 6 9 13 | 13.7
Necromancy     | 12 14 | 14.0
Earth Magic    | 5 |  5.0

Action                     |  1- 3 |  4- 6 |  7- 9 | 10-12 | 13-15 | 16-18 | 19-21 | 22-24 || total
---------------------------+-------+-------+-------+-------+-------+-------+-------+-------++-------
  Melee: Club              |     7 |       |       |       |       |       |       |       ||     7
         Unarmed           |     2 |       |       |       |       |       |       |       ||     2
         Tailslap          |     2 |     9 |    17 |    32 |    42 |    60 |   128 |   184 ||   474
         Long sword        |     6 |       |       |       |   165 |   328 |   457 |   700 ||  1656
         Falchion          |     6 |       |       |       |       |       |       |       ||     6
         Flail             |       |    68 |       |       |       |       |       |       ||    68
         Rapier            |       |    13 |   155 |   153 |    67 |       |       |       ||   388
         Punch             |       |     1 |       |       |       |       |       |       ||     1
  Throw: Dart              |       |    14 |     6 |       |     6 |       |       |       ||    26
         Throwing net      |       |       |     1 |       |       |       |       |       ||     1
   Cast: Freeze            |    56 |    13 |       |       |       |       |       |       ||    69
         Frozen Ramparts   |     1 |    13 |    21 |    34 |    12 |       |       |       ||    81
         Mephitic Cloud    |       |       |       |    24 |     2 |       |       |       ||    26
         Freezing Cloud    |       |       |       |    20 |   169 |   149 |   118 |    25 ||   481
         Arcjolt           |       |       |       |       |    46 |    78 |    46 |    21 ||   191
         Death Channel     |       |       |       |       |       |       |    17 |    10 ||    27
         Animate Dead      |       |       |       |       |       |       |    12 |     9 ||    21
         Fugue of the Fall |       |       |       |       |       |       |     2 |     3 ||     5
         Borgnjor's Vile C |       |       |       |       |       |       |       |     7 ||     7
 Invoke: Recall Ancestor   |       |       |     1 |     9 |     4 |     4 |     2 |     4 ||    24
         Ancestor Life: Ba |       |       |       |     1 |       |       |       |       ||     1
         Idealise          |       |       |       |       |     5 |    13 |    12 |     9 ||    39
Ability: Breathe Lightning |       |       |    11 |       |     4 |     2 |     1 |     1 ||    19
  Evoke: Wand              |       |       |     2 |     9 |     6 |    15 |     5 |    13 ||    50
         Tin of tremorston |       |       |       |       |       |     5 |     3 |     3 ||    11
         Phantom mirror    |       |       |       |       |       |       |       |     1 ||     1
    Use: Scroll            |       |       |    15 |     9 |    10 |    21 |     5 |    17 ||    77
         Potion            |       |       |       |       |     2 |     8 |     4 |    14 ||    28
   Stab: Sleeping          |       |     4 |     1 |     1 |     2 |     9 |     7 |     5 ||    29
         Paralysed         |       |       |     2 |       |       |       |     1 |       ||     3
         Confused          |       |       |       |    10 |     1 |       |       |       ||    11
         Distracted        |       |       |       |     4 |     8 |     6 |    18 |    31 ||    67
 Armour: Skin              |    27 |    54 |   107 |    74 |   183 |   295 |   185 |   152 ||  1077
  Dodge: Dodged            |    28 |    63 |    90 |    62 |   279 |   308 |   464 |   538 ||  1832
  Block: Buckler           |       |       |    31 |    49 |   150 |    97 |       |       ||   327
         Kite shield       |       |       |       |       |       |   199 |   656 |   806 ||  1661
         Reflection        |       |       |       |       |       |       |    12 |    14 ||    26
         Tower shield      |       |       |       |       |       |       |       |   228 ||   228

Illustrated notes

Table legend:
 A = Kills in this place as a percentage of kills in the entire game.
 B = Kills by you in this place as a percentage of kills by you in the entire game.
 C = Kills by friends in this place as a percentage of kills by friends in the entire game.
 D = Other kills in this place as a percentage of other kills in the entire game.
 E = Experience gained in this place as a percentage of experience gained in the entire game.
 F = Experience gained in this place divided by the number of levels of this place that you have seen.
                   A       B       C       D       E      F
               +-------+-------+-------+-------+-------+----------------------
         Total | 100.0 | 100.0 | 100.0 | 100.0 | 100.0 | 22664.0
       Dungeon |  22.6 |  28.9 |  11.1 |  41.7 |   8.0 | 5771.4
          Lair |   9.3 |   9.2 |   9.5 |   8.3 |   4.5 | 9835.2
         Swamp |   3.7 |   3.5 |   3.7 |  25.0 |   3.3 | 8852.2
     Snake Pit |  10.8 |  10.5 |  11.4 |   0.0 |  10.8 | 29479.2
  Orcish Mines |   5.6 |   5.4 |   6.0 |   0.0 |   2.0 | 10659.5
   Elven Halls |   8.6 |   8.7 |   8.5 |   8.3 |  10.0 | 36431.0
        Vaults |  24.0 |  19.4 |  32.5 |   8.3 |  33.2 | 72292.4
        Depths |  11.9 |  11.1 |  13.4 |   8.3 |  21.2 | 57671.5
           Zot |   3.5 |   3.3 |   4.0 |   0.0 |   7.0 | 15207.4
               +-------+-------+-------+-------+-------+----------------------

Table legend: (Time is in decaauts)
 A = Elapsed time spent in this place.
 B = Non-inter-level travel time spent in this place.
 C = Inter-level travel time spent in this place.
 D = Time resting spent in this place.
 E = Time spent auto-exploring this place.
 F = Levels seen in this place.
 G = Mean time per level.
                   A        B        C        D        E       F      G
               +--------+--------+--------+--------+--------+-----+--------+
         Total |  55548 |  51593 |   3955 |   8782 |  31734 |  48 | 1157.2 |
       Dungeon |  18531 |  16810 |   1721 |   2899 |  10562 |  15 | 1235.4 |
        Temple |     25 |     14 |     11 |      0 |      0 |   1 |   25.0 |
          Lair |   5786 |   5372 |    414 |    903 |   3525 |   5 | 1157.2 |
         Swamp |   2390 |   2249 |    141 |    382 |   1438 |   4 |  597.5 |
     Snake Pit |   6518 |   6264 |    254 |   1132 |   4158 |   4 | 1629.5 |
  Orcish Mines |   2068 |   1917 |    151 |    253 |   1199 |   2 | 1034.0 |
   Elven Halls |   4121 |   3902 |    219 |   1165 |   1693 |   3 | 1373.7 |
        Vaults |   9158 |   8627 |    531 |   1007 |   5548 |   5 | 1831.6 |
        Depths |   5959 |   5556 |    403 |    841 |   3435 |   4 | 1489.8 |
           Zot |    989 |    882 |    107 |    199 |    175 |   5 |  197.8 |
               +--------+--------+--------+--------+--------+-----+--------+

Top non-repeatable levels by time:
Depths:2: 2162 daAuts
   Elf:3: 2138 daAuts
 Snake:4: 2107 daAuts
Vaults:2: 2032 daAuts
 Snake:2: 1914 daAuts
Vaults:5: 1902 daAuts
Vaults:4: 1890 daAuts
Vaults:3: 1784 daAuts
  Lair:1: 1679 daAuts
     D:2: 1650 daAuts
    D:12: 1620 daAuts
Depths:4: 1606 daAuts
Depths:3: 1587 daAuts
   Orc:2: 1574 daAuts
Vaults:1: 1549 daAuts
